 Dungeon Crawl Stone Soup version 0.27.1-33-g824d729ab1 (webtiles) character file.

Game seed: 11277462119018760404

236 MisterFreud the Ruffian (level 5, -5/50 HPs)
             Began as a Troll Monk on Dec 1, 2021.
             Splashed by a jelly's acid (10 damage)
             ... on level 4 of the Dungeon.
             The game lasted 00:02:53 (2070 turns).

MisterFreud the Ruffian (Troll Monk)                Turns: 2070, Time: 00:02:54

Health: -5/50      AC:  0    Str: 18 (19) XL:     5   Next: 77%
Magic:  4/4        EV: 10    Int:  4 (6)  God:
Gold:   68         SH:  0    Dex: 12 (13) Spells: 4/4 levels left

rFire    . . .     SeeInvis .     - Unarmed
rCold    . . .     Faith    .   (no shield)
rNeg     . . .     Spirit   .   a - +0 robe
rPois    .         Reflect  .   (helmet restricted)
rElec    .         Harm     .   (no cloak)
rCorr    .         Rampage  .   (gloves unavailable)
Will     .....                  (boots unavailable)
Stlth    +.........             (no amulet)
HPRegen  1.16/turn              (no ring)
MPRegen  0.09/turn              (no ring)

@: confused, corroded
A: large, unfitting armour, claws 3, regeneration 1, shaggy fur 1, tough skin 1
a: no special abilities


You were on level 4 of the Dungeon.
You visited 1 branch of the dungeon, and saw 4 of its levels.

You collected 133 gold pieces.
You spent 65 gold pieces at shops.

Inventory:

Armour
 a - a +0 robe (worn)
Jewellery
 f - a ring of resist corrosion
Wands
 o - a wand of digging (2)
Scrolls
 c - 2 scrolls of teleportation
 g - a scroll of blinking {unknown}
 h - 3 scrolls of noise {unknown}
 j - 2 scrolls of identify
 k - a scroll of vulnerability {unknown}
 m - a scroll of brand weapon {unknown}
 n - a scroll of holy word {unknown}
 p - a scroll of summoning {unknown}
Potions
 b - a potion of haste {unknown}
 d - a potion of cancellation {unknown}
 e - a potion of brilliance {unknown}
 l - a potion of degeneration


   Skills:
 - Level 2.4 Fighting
 - Level 2.4 Dodging
 - Level 1.0 Stealth
 + Level 6.6 Unarmed Combat


You had 4 spell levels left.
You didn't know any spells.
Your spell library contained the following spells:

 Spells                   Type           Power      Damage    Failure   Level
 Sandblast                Erth           0%         2d4       50%         1
 Sting                    Tmut/Pois      0%         1d3       50%         1
 Passwall                 Tmut/Erth      0%         N/A       65%         2
 Poisonous Vapours        Pois/Air       0%         N/A       65%         2
 Olgreb's Toxic Radiance  Pois           0%         N/A       99%         4
 Lee's Rapid Deconstruct  Erth           0%         3d5*      100%        5


Dungeon Overview and Level Annotations

Branches:
Dungeon (4/15)
 Temple: D:4-7

Altars:

Shops:
D:2 ?

Annotations:
D:4 Sigmund


Innate Abilities, Weirdness & Mutations

You are too large for most types of armour.
You have claws for hands.
Your natural rate of healing is unusually fast.
You are covered in fur. (AC +1)
You have tough skin. (AC +1)


Message History

Unknown command.
Unknown command.
It was a potion of curing.
You feel better. The jelly closely misses you.
The jackal completely misses you. The jackal closely misses you.
The dart slug launches a dart at you. The slug dart hits you.
* * * LOW HITPOINT WARNING * * *
You hear some strange, mumbled words.
Something tries to affect you, but you resist.
Unknown command.
Unknown command.
You closely miss something. The jackal bites you.
* * * LOW HITPOINT WARNING * * *
The jelly hits you but does no damage. The jackal barely misses you.
You completely miss something. The jackal closely misses you. x2
Something hits you!
* * * LOW HITPOINT WARNING * * *
The jelly closely misses you. The dart slug launches a dart at you.
The slug dart misses you. The jackal completely misses you.
Unknown command.
You feel better. The jackal bites you.
* * * LOW HITPOINT WARNING * * *
The jelly hits you.
* * * LOW HITPOINT WARNING * * *
You are splashed with acid!
* * * LOW HITPOINT WARNING * * *
The jackal misses you.
You hear some strange, mumbled words.
You are confused.
The jackal barely misses you. The dart slug closely misses you.
Unknown command.
It was a potion of degeneration.
There was something very wrong with that liquid.
You feel weakened.
You feel dopey.
You feel clumsy.
The jackal bites you but does no damage. x2
The jelly hits you.
* * * LOW HITPOINT WARNING * * *
The acid corrodes you!
You are splashed with acid!
You die...

#......
#.... ##...
##..#
#######...#
#.........#
###....†..#
##hJ...##
#@h...#
#{w...#
.......#
........#
#....#...#
##..####..#
#..# #..
#.<# #.


You could see a jelly, a dart slug and 2 jackals.

Vanquished Creatures
  2 orc priests
  Ijyb (D:3)
  Natasha (twice) (D:3)
  Robin (D:3)
  3 dart slugs (D:1)
  2 orcs
  8 endoplasms
  3 giant cockroaches
  11 goblins
  15 hobgoblins
  5 jackals
  3 quokkas
  7 ball pythons
  5 bats
  3 frilled lizards
  2 kobolds
  5 rats
78 creatures vanquished.

Vanquished Creatures (others)
  A quokka (D:4)
1 creature vanquished.

Grand Total: 79 creatures vanquished

Notes
Turn   | Place    | Note
-------+----------+-------------------------------------------
     0 | D:1      | MisterFreud the Troll Monk began the quest for the Orb.
     0 | D:1      | Reached XP level 1. HP: 22/22 MP: 0/0
   195 | D:1      | Reached XP level 2. HP: 29/29 MP: 1/1
   200 | D:1      | Found a faded altar of an unknown god.
   294 | D:1      | Reached skill level 4 in Unarmed Combat
   541 | D:1      | Reached XP level 3. HP: 36/36 MP: 2/2
   741 | D:1      | HP: 1/36 [orc priest (5)]
   810 | D:2      | Reached skill level 5 in Unarmed Combat
   810 | D:2      | Reached XP level 4. HP: 30/44 MP: 3/3
   963 | D:2      | Found Docownu's Magic Scroll Emporium.
   972 | D:2      | Bought a scroll of teleportation for 39 gold pieces
   972 | D:2      | Bought a scroll of identify for 26 gold pieces
  1818 | D:3      | Noticed Natasha
  1820 | D:3      | Noticed Ijyb
  1823 | D:3      | Killed Natasha
  1824 | D:3      | Reached XP level 5. HP: 49/50 MP: 4/4
  1840 | D:3      | Killed Ijyb
  1841 | D:3      | Reached skill level 6 in Unarmed Combat
  1946 | D:3      | Noticed Robin
  1976 | D:3      | Noticed Natasha
  2012 | D:3      | Killed Natasha
  2016 | D:3      | Killed Robin
  2052 | D:3      | You fall into a shaft and drop 1 floor!
  2053 | D:4      | Noticed Sigmund
  2068 | D:4      | HP: 2/50 [something (9)]
  2070 | D:4      | Splashed by a jelly's acid

Illustrated notes

Levels and vault maps discovered:
D:1:      dpeg_arrival_round_b, layout_basic, chequers_ecumenical_altar_simple
D:2:      minmay_wonky_spiral, layout_basic, serial_shops, nicolae_square_shop,
          minmay_goblin_outpost
D:3:      layout_loops_cross, uniq_ijyb, uniq_robin, uniq_natasha
D:4:      minmay_spotlight, layout_layer_cave,
          grunt_temple_overflow_champion_of_chaos,
          grunt_temple_overflow_holy_war, mainiacjoe_overflow_brackets,
          general_overflow_altar, uniq_sigmund

Skill      XL: |  1  2  3  4  5 |
---------------+----------------+-----
Unarmed Combat | 4 5 6 |  6.6
Fighting       | |  2.4
Dodging        | |  2.4
Stealth        | |  1.0

Action                   |  1- 3 |  4- 6 || total
-------------------------+-------+-------++-------
Melee: Unarmed           |    53 |   137 ||   190
       Punch             |     4 |     6 ||    10
  Use: Potion            |       |     3 ||     3
 Stab: Sleeping          |     5 |     1 ||     6
Armor: Robe              |    16 |    53 ||    69
Dodge: Dodged            |    15 |   110 ||   125
